 Dungeon Crawl Stone Soup version 0.22-a0-587-g7d32d7c (webtiles) character file.

77 sking99 the Skirmisher (level 4, -2/41 HPs)
             Began as a Minotaur Fighter on July 4, 2018.
             Was an Initiate of Elyvilon.
             Slain by an orc wizard
             ... wielding a +0 dagger of speed
              (3 damage)
             ... on level 3 of the Dungeon.
             The game lasted 00:02:21 (1513 turns).

sking99 the Skirmisher (Minotaur Fighter)           Turns: 1513, Time: 00:02:22

Health: -2/41      AC:  8    Str: 21    XL:     4   Next: 13%
Magic:  3/3        EV:  7    Int:  5    God:    Elyvilon [......]
Gold:   110        SH:  9    Dex: 10    Spells: 3/3 levels left

rFire    . . .     SeeInvis .   a - +0 war axe
rCold    . . .     Gourm    .   c - +0 shield
rNeg     . . .     Faith    .   b - +0 scale mail
rPois    .         Spirit   .   (helmet restricted)
rElec    .         Reflect  .   (no cloak)
rCorr    .         Harm     .   (no gloves)
MR       .....                  n - +0 pair of boots
Stlth    ..........             (no amulet)
HPRegen  0.13/turn              (no ring)
MPRegen  0.08/turn              (no ring)

@: no status effects
A: retaliatory headbutt, horns 2
a: Renounce Religion


You were on level 3 of the Dungeon.
You worshipped Elyvilon.
Elyvilon was noncommittal.
You were not hungry.

You visited 1 branch of the dungeon, and saw 3 of its levels.

You collected 110 gold pieces.

Inventory:

Hand Weapons
 a - a +0 war axe (weapon)
Armour
 b - a +0 scale mail (worn)
 c - a +0 shield (worn)
 n - a +0 pair of boots (worn)
Jewellery
 h - an uncursed ring of ice {unknown}
 o - an uncursed ring of positive energy {unknown}
 q - an uncursed ring of protection from fire {unknown}
Scrolls
 e - 4 scrolls of identify {unknown}
 g - 2 scrolls of enchant armour {unknown}
 i - a scroll of magic mapping {unknown}
 k - a scroll of enchant weapon {unknown}
 l - a scroll of teleportation {unknown}
 s - a scroll of fog {unknown}
 v - 3 scrolls of immolation {unknown}
Potions
 d - a potion of might
 j - a potion of haste {unknown}
 m - 3 potions of curing {unknown}
 p - a potion of magic {unknown}
 r - a potion of agility {unknown}
 t - a potion of ambrosia {unknown}
Comestibles
 f - 4 rations
 u - 2 chunks of flesh


   Skills:
 + Level 4.4 Fighting
 * Level 4.4 Axes
 - Level 3.6 Armour
 - Level 3.6 Shields
 + Level 1.0 Invocations


You had 3 spell levels left.
You didn't know any spells.
Your spell library contained the following spells:

 Spells                   Type           Power        Failure   Level  Hunger
 Magic Dart               Conj           #...         99%         1    ##.....
 Iskenderun's Mystic Bla  Conj           #.......     100%        4    #####..
 Fulminant Prism          Conj/Hex       #.........   100%        4    #####..
 Dazzling Spray           Conj/Hex       #.....       100%        3    ####...
 Force Lance              Conj/Tloc      #.......     100%        4    #####..
 Searing Ray              Conj           #.....       100%        2    ###....


Dungeon Overview and Level Annotations

Branches:
Dungeon (3/15)

Altars:
Elyvilon
Fedhas
Uskayaw
Vehumet
Wu Jian
Xom
The Shining One

Annotations:
D:2 2 transporters


Innate Abilities, Weirdness & Mutations

You reflexively headbutt those who attack you in melee.
You have a pair of horns on your head.


Message History

Your shield and scale mail prevent you from hitting the jackal.
Your headbutt misses the jackal. You completely miss something.
You feel less confused. You block the jackal's attack.
Something hits you but does no damage. The jackal barely misses you.
You hear some strange, mumbled words.
Something tries to affect you, but you resist.
You hit the jackal.
You kill the jackal!
You closely miss something. Something hits you but does no damage.
You miss something. You headbutt something.
You hear some strange, mumbled words.
A magic dart appears from out of thin air!
The magic dart hits you!
* * * LOW HITPOINT WARNING * * *
Something hits you but does no damage.
You hit something. Something hits you but does no damage.
You miss something.
Something hits you but does no damage. x2
You hit something. Something hits you but does no damage. Something hits you.
You die...

........................ ...
##...##.#..#......<..#.##.#
.....##.#..##.....#.......# #
.#.#.##.#.................#.#.
......................))......
.#.#......................#
................#.$...)##.#
##.#..#.#..##......(##.##.
......#.#..##...@.(........
............##...#..##.##.#
...##...#..##..........# #
.......................#
....................##.#
...###..............##.#
...######.#............##.#
........#.#.....(..........
.#.............#.#.######.#


There were no monsters in sight!

Vanquished Creatures
  An orc wizard (D:3)
  An ooze (D:1)
  A worm (D:3)
  A dart slug (D:1)
  3 orcs (D:3)
  2 bats
  A giant cockroach (D:1)
  4 goblins (D:1)
  5 hobgoblins
  5 jackals
  3 kobolds
  A quokka (D:2)
  2 frilled lizards (D:2)
  2 rats
32 creatures vanquished.

Notes
Turn   | Place    | Note
-------+----------+-------------------------------------------
     0 | D:1      | sking99 the Minotaur Fighter began the quest for the Orb.
     0 | D:1      | Reached XP level 1. HP: 19/19 MP: 0/0
   135 | D:1      | Reached XP level 2. HP: 27/27 MP: 1/1
   944 | D:2      | Found a blossoming altar of Fedhas.
   944 | D:2      | Found a hide-covered altar of Uskayaw.
  1015 | D:2      | Found a glowing golden altar of the Shining One.
  1015 | D:2      | Noticed a two-headed ogre
  1019 | D:2      | Found a transporter.
  1137 | D:2      | Found a transporter.
  1213 | D:2      | Found a radiant altar of Vehumet.
  1217 | D:2      | Found a shimmering altar of Xom.
  1217 | D:2      | Found a white marble altar of Elyvilon.
  1218 | D:2      | Found an ornate altar of the Wu Jian Council.
  1228 | D:2      | Became a worshipper of Elyvilon the Healer
  1273 | D:2      | Reached XP level 3. HP: 33/33 MP: 2/2
  1495 | D:3      | Reached skill level 1 in Invocations
  1495 | D:3      | Reached XP level 4. HP: 31/41 MP: 3/3
  1510 | D:3      | HP: 1/41 [something/magic dart (5)]
  1513 | D:3      | Slain by an orc wizard

Vault maps used:
D:1:      lightli_arrival_farm, hangedman_decor_clover_reticule
D:2:      gammafunk_temple_overflow_arena, gammafunk_temple_overflow_elements,
          grunt_temple_overflow_open
D:3:      nicolae_ru_sacrificial_ziggurat

Skill      XL: |  1  2  3 |
---------------+----------+-----
Axes           | 3 4 |  4.4
Fighting       | 4 |  4.4
Invocations    | 1 |  1.0
Armour         | |  3.6
Shields        | |  3.6

Action                   |  1- 3 |  4- 6 || total
-------------------------+-------+-------++-------
Melee: War axe           |    61 |    12 ||    73
       Headbutt          |    10 |     1 ||    11
  Eat: Chunk             |     2 |       ||     2
Armor: Scale mail        |    27 |    11 ||    38
Dodge: Dodged            |    23 |     5 ||    28
Block: Shield            |    32 |     2 ||    34

Table legend:
 A = Spawn XP
 B = Non-spawn XP
 C = Spawn XP percentage of total XP
 D = Spawn monster count
 E = Non-spawn monster count
 F = Spawn count percentage of total count
 G = Total turns spent on level
                    A         B        C        D         E        F      G
               +---------+---------+-------+---------+---------+-------+---------
         Total |       0 |     110 |   0.0 |       0 |      32 |   0.0 |  1513
               +---------+---------+-------+---------+---------+-------+---------
           D:1 |       0 |      26 |   0.0 |       0 |      11 |   0.0 |   895
           D:2 |       0 |      16 |   0.0 |       0 |       9 |   0.0 |   462
           D:3 |       0 |      68 |   0.0 |       0 |      12 |   0.0 |   156
               +---------+---------+-------+---------+---------+-------+---------
